Match 32855103
Unlisted

Match 32855103
End
Kradschützen Motorcycle Team
Selects Armored Support Battlegroup
Panzergrenadier Squad
Panzergrenadier Squad
250 Light Carrier
Construct Light Support Kompanie
Fire Support Elements
Selects Superior Fire Drills
Pak 38 Anti-tank Gun Team
Panzerjäger Mechanized Group
2.5-tonne Medical Truck
Selects Salvage Kits
Construct Panzerarmee Kommand
2.5-tonne Medical Truck
Veteran Squad Leaders
Panzer III L Medium Tank
Selects Panzer Storm
Pak 38 Mechanized Group
Panzergrenadier Squad
2.5-tonne Medical Truck
Panzergrenadier Squad
Selects Stuka Anti-tank Loiter
Flak 36 Anti-tank Gun Team
Microsoft Office Excel
Microsoft Office Word
A2O
[Legio I Germanica] -=]bUc$[=-
0
0

Comments sign in to comment!

No comments posted yet!